cohdb
Replays
Latest Replays
All Replays
Popular Replays
Top Player Replays
Match Explorer
How It Works
Community
CoH3 Stats
Reddit
Sign in to upload your games and track your stats! →
Sign in with Steam
Match 26480178
Unlisted
Match 26480178
Overview
Messages
Build Orders
End
Selects Italian Coastal Battlegroup
Selects Coastal Reserves
Coastal Reserve
Construct Infanterie Kompanie
Coastal Reserve
MG 42 Machine Gun Team
Coastal Reserve
Construct Panzergrenadier Kompanie
Medical Bunker
Selects Artillery Officer
Selects Support Bunkers
Artillery Officer
Anti-tank Bunker
Selects Rapid Fortifications
Panzergrenadier Squad
Pak 40 Anti-tank Gun Team
Pak 40 Anti-tank Gun Team
Construct Panzer Kompanie
Medical Station
Selects Bulwark
Panzer IV Medium Tank
Coastal Reserve
Artillery Officer
Rapid Fortifications
Medical Bunker
Coastal Reserve
Pioneer Squad
Panzer IV Medium Tank
Stoßtruppen Squad
Side Skirts
Panzer IV Medium Tank
Panzer IV Medium Tank
Grenadier Squad
Shizzle
3.6 Roentgen
SneaKerz
gb_gbg
0
0
Comments
sign in to comment!
No comments posted yet!